 Dungeon Crawl Stone Soup version 0.31-a0-182-gc5ef74bbde (webtiles) character file.

Game seed: 10026084521557952427

82 Maxmaps the Slasher (level 4, -8/33 HPs)
             Began as a Demonspawn Reaver on June 20, 2023.
             Killed by divine providence
             ... invoked by an orc priest
              (12 damage)
             ... on level 3 of the Dungeon.
             The game lasted 00:02:03 (2309 turns).

Maxmaps the Slasher (Demonspawn Reaver)             Turns: 2309, Time: 00:02:03

Health: -8/33      AC:  8    Str: 12    XL:     4   Next: 21%
Magic:  7/7        EV:  9    Int: 16    God:
Gold:   108        SH:  0    Dex: 12    Spells: 6/7 levels left

rFire   . .          .
                       - Unarmed
rCold   . . .        (no shield)
rNeg    . . .        e - +1 scale mail
rPois   .            c - +0 helmet
rElec   .            (no cloak)
rCorr   .            (no gloves)
SInv    .            (no boots)
Will    .....        (no amulet) Stlth
                     (no ring)
HPRegen 0.25/turn    (no ring)
MPRegen 0.10/turn

%: no passive effects
@: no status effects
A: claws 1
a: no special abilities


You were on level 3 of the Dungeon.
You visited 1 branch of the dungeon, and saw 3 of its levels.

You collected 108 gold pieces.

Inventory:

Armour
 c - a +0 helmet (worn)
 e - a +1 scale mail (worn)
Scrolls
 b - 2 scrolls of summoning {unknown}
 d - 3 scrolls of identify
 g - 2 scrolls of enchant weapon
 j - a scroll of revelation {unknown}
 k - a scroll of immolation {unknown}
Potions
 a - a potion of enlightenment {unknown}
 f - a potion of heal wounds
 h - a potion of curing
 i - a potion of mutation {unknown}


   Skills:
 - Level 2.0 Fighting
 - Level 3.2 Long Blades
 - Level 1.7 Dodging
 + Level 3.0 Unarmed Combat
 - Level 2.0 Spellcasting
 - Level 3.0 Conjurations


You had 6 spell levels left.
You knew the following spells:

 Your Spells              Type           Power      Damage    Failure   Level
a - Kiss of Death         Conj/Necr      24%        2d7       52%         1

Your spell library contained the following spells:

 Spells                   Type           Power      Damage    Failure   Level
 Momentum Strike          Conj/Tloc      12%        3d8       67%         2
 Hailstorm                Conj/Ice       6%         3d4       88%         3
 Call Canine Familiar     Summ           1%         N/A       98%         3
 Portal Projectile        Hex/Tloc       2%         N/A       98%         3
 Leda's Liquefaction      Hex/Erth       0%         N/A       100%        4


Dungeon Overview and Level Annotations

Branches:
Dungeon (3/15)

Altars:
Okawaru


Innate Abilities, Weirdness & Mutations

You have sharp fingernails.


Message History

There is a stone staircase leading down here.
A frilled lizard is nearby!
You closely miss the frilled lizard.
The frilled lizard bites you but does no damage.
You scratch the frilled lizard.
You kill the frilled lizard!
No target in view!
You start resting.
HP restored.
You climb downwards.
There is a stone staircase leading up here.
You completely miss the orc priest. You claw the orc priest.
The orc priest is moderately wounded.
The orc priest hits you with a +0 falchion.
You scratch the orc priest.
The orc priest is heavily wounded.
The orc priest hits you but does no damage.
You closely miss the orc priest.
The orc priest is heavily wounded.
The orc priest hits you with a +0 falchion.
You barely miss the orc priest.
The orc priest is heavily wounded.
The orc priest hits you with a +0 falchion.
You scratch the orc priest.
The orc priest is severely wounded.
The orc priest invokes the aid of Beogh against you.
Beogh smites you!
Ouch! That really hurt!
* * * LOW HITPOINT WARNING * * *
You are too injured to fight recklessly!
You are too injured to fight recklessly!
You barely miss the orc priest.
The orc priest is severely wounded.
The orc priest hits you with a +0 falchion.
* * * LOW HITPOINT WARNING * * *
You scratch the orc priest.
The orc priest is almost dead.
The orc priest invokes the aid of Beogh against you.
Beogh smites you!
You die...

#............###..#
#.....#.##...# #..#
#....<.......# #..#
#...#####>...###).##
......#..................#
.l...#................).#
....#.....#####.#.###..#
...#....<........# #..#
####..#..o@.#####.#####..##
....>##(#....# #.#...#....
#..##.#..#.# #.#(#.##.#.
#...o....#.# #.#.#.##.#.
##.##.#..#.# #.#.#.##.#. #.
#.###### #.#....#... #. ###
#.#.#..###. .. ##....#...
#. #..<..#.#.


You could see an orc priest.

Vanquished Creatures
  2 adders
  A worm (D:2)
  A dart slug (D:2)
  2 orcs (D:2)
  4 endoplasms
  6 giant cockroaches
  3 goblins
  11 hobgoblins
  2 quokkas
  4 ball pythons
  5 bats
  2 frilled lizards
  4 kobolds (D:2)
  6 rats
53 creatures vanquished.

Notes
Turn   | Place    | Note
-------+----------+-------------------------------------------
     0 | D:1      | Maxmaps the Demonspawn Reaver began the quest for the Orb.
     0 | D:1      | Reached XP level 1. HP: 16/16 MP: 3/3
   115 | D:1      | Gained mutation: You have sharp fingernails. [demonic
                  | ancestry]
   115 | D:1      | Reached XP level 2. HP: 18/22 MP: 5/5
   393 | D:1      | Reached skill level 1 in Unarmed Combat
  1023 | D:2      | Reached XP level 3. HP: 24/27 MP: 6/6
  1198 | D:2      | Found an iron altar of Okawaru.
  1502 | D:2      | Found a faded altar of an unknown god.
  1980 | D:3      | Reached XP level 4. HP: 24/33 MP: 7/7
  2309 | D:3      | Killed from afar by an orc priest

Illustrated notes

Levels and vault maps discovered:
D:1:      elethiomel_arrival_infinity_welcomes_careful_drivers, layout_basic,
          minmay_quantized
D:2:      layout_basic, basic_altar, hellmonk_ecumenical_altar_zigzags,
          st_stairs_13
D:3:      layout_basic, mainiacjoe_overflow_swirl, gammafunk_ghost_cemetery

Skill      XL: |  1  2  3  4 |
---------------+-------------+-----
Long Blades    | 3 |  3.2
Unarmed Combat | 1 2 3 |  3.0
Fighting       | |  2.0
Dodging        | |  1.7
Spellcasting   | |  2.0
Conjurations   | |  3.0

Action                     |  1- 3 |  4- 6 || total
---------------------------+-------+-------++-------
  Melee: Falchion          |   139 |       ||   139
         Punch             |     4 |     1 ||     5
         Unarmed           |    68 |    23 ||    91
    Use: Scroll            |     3 |       ||     3
         Potion            |     1 |       ||     1
   Stab: Sleeping          |     1 |       ||     1
 Armour: Leather armour    |    11 |       ||    11
         Scale mail        |   106 |    10 ||   116
  Dodge: Dodged            |   118 |     4 ||   122

Table legend: (Time is in decaauts)
 A = Elapsed time spent in this place.
 B = Non-inter-level travel time spent in this place.
 C = Inter-level travel time spent in this place.
 D = Time resting spent in this place.
 E = Time spent auto-exploring this place.
 F = Levels seen in this place.
 G = Mean time per level.
                   A        B        C        D        E       F      G
               +--------+--------+--------+--------+--------+-----+--------+
         Total |   2327 |   2266 |     61 |    134 |   1663 |   3 |  775.7 |
       Dungeon |   2327 |   2266 |     61 |    134 |   1663 |   3 |  775.7 |
               +--------+--------+--------+--------+--------+-----+--------+

Top non-repeatable levels by time:
     D:2: 1028 daAuts
     D:1: 981 daAuts
     D:3: 318 daAuts
